[Event "Early-Titled-Tuesday-Blitz-March-12-2024"]
[Site "Chess.com"]
[Date "2024.03.12"]
[Round "10"]
[White "Winner_7777"]
[Black "jumpingknight20"]
[Result "1-0"]
[WhiteElo "2600"]
[BlackElo "2680"]
[TimeControl "180+1"]
[EndTime "9:54:47 PDT"]
[Termination "Winner_7777 won by checkmate"]

1. d4 Nf6 2. c4 e6 3. Nc3 d5 4. cxd5 exd5 5. Bg5 Be7 6. e3 h6 7. Bh4 O-O 8. Bd3 c6 9. Qc2 Nbd7 10. Nf3 Re8 11. O-O Nh5 12. Bxe7 Qxe7 13. Rab1 Nhf6 14. b4 a6 15. a4 a5 16. b5 c5 17.
dxc5 Nxc5 18. Nd4 Bd7 19. Rfd1 Rac8 20. Rbc1 Qe5 21. Qa2 Nxd3 22. Rxd3 Rc4 23. Nce2 Rxc1+ 24. Nxc1 Rc8 25. Nce2 Rc4 26. h3 Qc7 27. Rd2 Ne4 28. Rc2 Qc5 29. f3 Nd6 30. Kf2 Qb4 31. Rxc4 Nxc4 32.
Qb3 Qc5 33. Qc3 Qd6 34. Nf4 b6 35. Nde2 Qc5 36. Qd4 Qxd4 37. exd4 Nb2 38. Nc3 Be6 39.
Ke3 Kf8 40. Kd2 Ke8 41. Kc2 Nc4 42. Nfxd5 Kd7 43. Kd3 Nb2+ 44. Ke4 Nc4 45. f4 f5+ 46. Kd3 Kd6 47. Kxc4 Bf7 48. g4 g6 49. gxf5 gxf5 50. h4 h5 51. Kd3 Bxd5 52. Ne2 Be4+ 53. Kc4 Bd5+ 54. Kc3 Bf3 55. Ng3 Ke6 56. Kd3 Bg4 57.
Kc4 Bf3 58. Kc3 Bg4 59. Kd3 Bf3 60. Kc3 Bg4 61. Nf1 Bf3 62. Ne3 Be4 63. Kc4 Kd7 64. d5 Kd6 65. Kd4 Bb1 66. Nc4+ Kc7 67. d6+ Kb7 68. Ke5 Bc2 69. Nb2 Bb3 70. Kxf5 Kc8 71. Ke5 Kd7 72. f5 Bc2 73. f6 Ke8 74. Nc4 Bxa4 75. Nxb6 Bxb5 76. Ke6 a4 77. f7+ Kf8 78. d7 Bxd7+ 79. Nxd7+ Kg7 80. f8=Q+ Kg6 81. Ne5+ Kh7 82. Qf7+ Kh6 83. Qg6# 1-0

[Event "Early-Titled-Tuesday-Blitz-March-12-2024"]
[Site "Chess.com"]
[Date "2024.03.12"]
[Round "10"]
[White "ViktoriyaTarasova"]
[Black "HajiyevKanan"]
[Result "1/2-1/2"]
[WhiteElo "2325"]
[BlackElo "2547"]
[TimeControl "180+1"]
[EndTime "9:55:07 PDT"]
[Termination "Game drawn by repetition"]

1. d4 d5 2. c4 c6 3. Nf3 Nf6 4. Nc3 a6 5. e3 Bg4 6. Be2 e6 7.
O-O Nbd7 8. b3 Bb4 9. Bb2 O-O 10.
Ne5 Bxe2 11. Nxe2 Nxe5 12. dxe5 Nd7 13. Qc2 Qh4 14. Ng3 Rac8 15. f4 g6 16. a3 Bc5 17.
Rae1 b5 18. Kh1 bxc4 19. bxc4 Rb8 20. Rf2 Rfc8 21. Rf3 Nb6 22. cxd5 cxd5 23. Qe2 Nc4 24. Bc1 Rb1 25. e4 Nb6 26. f5 Bb4 27. axb4 Rcxc1 28. Rff1 Rxe1 29. Rxe1 Rxe1+ 30. Qxe1 dxe4 31. f6 Nc4 32.
Qc3 e3 33. Qd3 Qh6 34. Qxc4 e2 35. Qxe2 Qc1+ 36. Nf1 Qc6 37. h3 h5 38. Kh2 Kh7 39.
Qd3 Qc7 40. Ne3 Qxe5+ 41. g3 Qxf6 42. Qxa6 Qf2+ 43. Ng2 h4 44. gxh4 e5 45. b5 e4 46.
Qb7 e3 47. Qe4 e2 48. b6 Qxb6 49. Qxe2 Qd6+ 50. Kh1 Kg7 51. Qe3 Qd1+ 52. Kh2 Qd6+ 53. Qg3 Qe7 54. Qc3+ Kh7 55. Qf3 Qe6 56. Qg3 Qd5 57.
Qg4 Qa2 58. Qg3 Qb2 59. Qf4 Kg8 60. Qg4 Kh7 61. Qg3 Qf6 62. Qg4 Qf2 63. Qg3 Qe2 64.
Qg5 Kg7 65. Qg3 Kh6 66. Qf4+ Kg7 67. Qg5 Qe6 68. h5 Qd6+ 69. Qg3 Qf6 70. hxg6 fxg6 71. Qg4 Qe5+ 72. Qg3 Qf6 73. h4 Kh6 74. Qg4 Qe5+ 75. Kh3 Qc3+ 76. Qg3 Qf6 77. Nf4 Qf5+ 78. Qg4 Qf6 79.
Kh2 Qb2+ 80. Ng2 Qf6 81. Qg3 Kh7 82. Qe3 Qf5 83. Qe7+ Kh6 84. Qe3+ Kh7 85. Qa7+ Kh6 86. Qa3 Qe5+ 87. Qg3 Qf5 88. Qh3 Qe5+ 89. Kh1 Qa1+ 90. Kh2 Qe5+ 91. Qg3 Qg7 92. Ne1 Kh7 93. Nf3 Qb2+ 94. Kh3 Qf6 95. Ng5+ Kh6 96. Qe3 Qf5+ 97. Kg3 Qf1 98. Qe7 Qg1+ 99. Kf3 Qf1+ 100. Kg3 Qg1+ 101.
Kh3 Qh1+ 102. Kg3 Qg1+ 1/2-1/2

[Event "Early-Titled-Tuesday-Blitz-March-12-2024"]
[Site "Chess.com"]
[Date "2024.03.12"]
[Round "10"]
[White "ActorXu"]
[Black "BestStelker"]
[Result "1/2-1/2"]
[WhiteElo "2855"]
[BlackElo "2725"]
[TimeControl "180+1"]
[EndTime "9:56:02 PDT"]
[Termination "Game drawn by 50-move rule"]

1. e4 e6 2. d4 d5 3. e5 c5 4. c3 Nc6 5. Nf3 Bd7 6. Be2 Nge7 7.
Na3 cxd4 8. cxd4 Nf5 9. Nc2 Nb4 10. O-O Nxc2 11. Qxc2 Qb6 12. Qd1 Be7 13. g4 Nh4 14. Nxh4 Bxh4 15. Be3 f6 16. Qd2 O-O 17. f4 Rac8 18.
Rac1 Rxc1 19. Rxc1 Rc8 20. Rxc8+ Bxc8 21. Kg2 Qd8 22.
g5 fxg5 23. fxg5 Qf8 24. Bd3 h6 25. gxh6 Bd7 26. Kh3 Be7 27. Qg2 Qf7 28. Qg4 Be8 29. hxg7 Qh5+ 30. Qxh5 Bxh5 31. Bh6 Bd8 32. Bb5 Bb6 33.
Bd7 Bf7 34. Be3 Kxg7 35. Bc8 Kg6 36. Kg4 Bg8 37. h4 Kf7 38. Bxb7 Bh7 39. h5 Bf5+ 40. Kf3 Bd8 41. h6 Kg6 42. Bc6 Be7 43. Be8+ Kh7 44. a3 Bf8 45. b4 Bxh6 46. Bxh6 Kxh6 47. Kf4 Kg7 48. Kg5 Kf8 49. Bc6 Ke7 50. b5 Bc2 51. Kf4 Ba4 52. Kg5 a6 53. Bb7 Bxb5 54. Bc8 a5 55.
Kg6 Be8+ 56. Kg7 Bb5 57. Bb7 Ba4 58. Ba6 Bd7 59. Be2 Bc6 60. Bh5 Bd7 61. Bf7 Bc6 62.
Bg8 Ba4 63. Kg6 Bb5 64. Kg5 Bc6 65. Kf4 Be8 66. Bh7 Bd7 67. Ke3 Kd8 68. Kd2 Kc7 69. Kc3 Kb6 70. Bg8 Kc7 71. Bf7 Kb6 72. Kb3 Kc7 73.
Bh5 Kb6 74. Be2 Kc7 75. a4 Kb6 76. Bg4 Kc7 77. Kc3 Kd8 78. Kd3 Ke7 79. Bd1 Kf7 80. Ke3 Kg6 81. Kf4 Be8 82. Kg4 Bd7 83. Bc2+ Kh6 84. Kh4 Be8 85. Bb3 Bd7 86. Kg4 Kg6 87. Kf4 Be8 88. Bd1 Bd7 89. Bg4 Kf7 90. Bh5+ Ke7 91.
Bd1 Kf7 92. Kg5 Ke7 93. Kg6 Bc6 94. Kg5 Be8 95. Bc2 Bc6 96. Kf4 Bd7 97. Ke3 Kd8 98. Kd2 Kc7 99. Kc3 Kb6 100. Kb3 Kc7 101. Bg6 Kd8 102. Bc2 Ke7 103. Kc3 Kf7 104. Kd2 Kg7 105. Ke3 Kh6 106. Kf4 Be8 107. Kg4 Bd7 108. Kh4 Be8 109.
Bd1 Bd7 110. Kg4 Be8 111. Kf4 Bh5 112. Bc2 Be8 113. Bd1 Bh5 114. Bb3 Be8 115. Kg4 Kg6 116. Bc2+ Kg7 117. Kg5 Bd7 118. Bd1 Kf7 119. Bh5+ Ke7 120. Bd1 Be8 121. Kh6 Bd7 122. Kg7 Bc6 123. Bc2 Bd7 124. Kg8 Bc6 125. Bb3 1/2-1/2

[Event "Early-Titled-Tuesday-Blitz-March-12-2024"]
[Site "Chess.com"]
[Date "2024.03.12"]
[Round "11"]
[White "koncheto"]
[Black "santosalberto1987"]
[Result "0-1"]
[WhiteElo "2477"]
[BlackElo "2568"]
[TimeControl "180+1"]
[EndTime "9:58:36 PDT"]
[Termination "santosalberto1987 won by resignation"]

1. e4 e6 2. d4 d5 3. Nd2 c5 4.
exd5 Qxd5 5. Ngf3 cxd4 6. Bc4 Qd6 7. O-O Nf6 8. Nb3 Nc6 9. Nbxd4 Nxd4 10. Nxd4 a6 11.
c3 Bd7 12. Qf3 Qc7 13. Bb3 Bd6 14.
h3 O-O-O 15. Be3 Kb8 16. Rad1 e5 17. Nf5 e4 18. Nxd6 exf3 19. Nxf7 fxg2 20. Rfe1 Bxh3 21. Nxh8 Rxh8 22. Rd4 Re8 23. Red1 Rxe3 24. fxe3 Qg3 0-1

[Event "Early-Titled-Tuesday-Blitz-March-12-2024"]
[Site "Chess.com"]
[Date "2024.03.12"]
[Round "11"]
[White "suyu28"]
[Black "ChessSwole"]
[Result "1-0"]
[WhiteElo "2871"]
[BlackElo "2713"]
[TimeControl "180+1"]
[EndTime "9:59:10 PDT"]
[Termination "suyu28 won by resignation"]

1. d4 Nf6 2. c4 b6 3. f3 Nc6 4. Nc3 e5 5. d5 Nd4 6. e3 Nf5 7. Bd3 g6 8. Nge2 Bc5 9. Bxf5 gxf5 10. Qc2 d6 11. b4 Bxb4 12. Qa4+ Bd7 13. Qxb4 Rg8 14.
O-O a5 15. Qb2 h5 16. Nb5 h4 17. f4 Nh5 18. fxe5 Qg5 19. Nf4 1-0

[Event "Early-Titled-Tuesday-Blitz-March-12-2024"]
[Site "Chess.com"]
[Date "2024.03.12"]
[Round "11"]
[White "Resignify"]
[Black "geminithegreat"]
[Result "1-0"]
[WhiteElo "2237"]
[BlackElo "2189"]
[TimeControl "180+1"]
[EndTime "9:59:23 PDT"]
[Termination "Resignify won by resignation"]

1. e4 e5 2. Nf3 Nc6 3. Bb5 a6 4.
Ba4 Nf6 5. O-O Be7 6. Re1 b5 7.
Bb3 d6 8. c3 O-O 9. d3 Na5 10.
Bc2 c5 11. Nbd2 Qc7 12. Nf1 Nc6 13. h3 d5 14. Bg5 Be6 15. Ne3 h6 16. Bxf6 dxe4 17.
Bxe7 exd3 18. Qxd3 1-0

[Event "Early-Titled-Tuesday-Blitz-March-12-2024"]
[Site "Chess.com"]
[Date "2024.03.12"]
[Round "11"]
[White "Yeritsyaan"]
[Black "PolandHussars"]
[Result "1-0"]
[WhiteElo "2647"]
[BlackElo "2547"]
[TimeControl "180+1"]
[EndTime "9:59:26 PDT"]
[Termination "Yeritsyaan won by resignation"]

1. c4 e5 2. Nc3 d6 3. g3 c6 4. Bg2 Be6 5. d3 Be7 6. e4 f5 7. exf5 Bxf5 8. Nge2 Nf6 9. O-O Qd7 10. d4 exd4 11.
Nxd4 Bh3 12. Qe2 Bxg2 13. Kxg2 O-O 14. Qe6+ Qxe6 15. Nxe6 Rc8 16. Re1 Bf8 17. Bf4 Ne8 18. Rad1 Be7 19. Nxg7 Nxg7 20. Rxe7 Na6 21. g4 Rc7 22.
Rxc7 Nxc7 23. Rxd6 Nce6 24. Bg3 Kf8 25. Rd7 b6 26. Ne4 a5 27. Bd6+ Kg8 28. Nf6+ Kh8 29. Be5 Rd8 30. Rxd8+ Nxd8 31. Nh5 1-0

[Event "Early-Titled-Tuesday-Blitz-March-12-2024"]
[Site "Chess.com"]
[Date "2024.03.12"]
[Round "11"]
[White "Kostukov_Alex"]
[Black "Ati1517"]
[Result "0-1"]
[WhiteElo "2302"]
[BlackElo "2245"]
[TimeControl "180+1"]
[EndTime "9:59:36 PDT"]
[Termination "Ati1517 won by resignation"]

1. g3 d5 2. Bg2 Nf6 3. d3 e5 4.
e4 dxe4 5. dxe4 Qxd1+ 6. Kxd1 Nc6 7. f3 Be6 8. Be3 O-O-O+ 9. Nd2 Nd4 10. c3 Nc6 11. Bh3 b6 12. Bxe6+ fxe6 13. Ke2 Bd6 14. Nh3 h6 15. Nf2 g5 16. b4 g4 17.
Nxg4 Nxg4 18. fxg4 Rdg8 19. h3 h5 20. g5 h4 21. gxh4 Rxh4 22. Rag1 Ne7 23. Nf3 Rxe4 24. Kd3 Rxe3+ 25. Kxe3 Nd5+ 26. Kd2 e4 27. Nd4 Bf4+ 28. Kc2 e5 29. Ne6 Rg6 30. Nxf4 exf4 31. h4 f3 32. h5 Rg8 33. h6 f2 34. Rf1 Ne3+ 35. Kd2 Nxf1+ 36. Rxf1 Rxg5 37. Rh1 Rg1 0-1

[Event "Early-Titled-Tuesday-Blitz-March-12-2024"]
[Site "Chess.com"]
[Date "2024.03.12"]
[Round "11"]
[White "Peng_Li-Min"]
[Black "Skatchkov_V"]
[Result "1-0"]
[WhiteElo "2812"]
[BlackElo "2680"]
[TimeControl "180+1"]
[EndTime "10:00:02 PDT"]
[Termination "Peng_Li-Min won by resignation"]

1. e4 e5 2. f4 d5 3. exd5 exf4 4. Nf3 Nf6 5. Bc4 Bc5 6. d4 Bb6 7. Nc3 c6 8. Qe2+ Qe7 9. Qxe7+ Kxe7 10. Bxf4 cxd5 11.
Nxd5+ Nxd5 12. Bxd5 Rd8 13. Bb3 Bxd4 14. Nxd4 Rxd4 15. O-O f6 16. Rae1+ Kf8 17. Be3 Nc6 18. c3 Rd7 19. Bc5+ Ne7 20. Rxe7 1-0

[Event "Early-Titled-Tuesday-Blitz-March-12-2024"]
[Site "Chess.com"]
[Date "2024.03.12"]
[Round "11"]
[White "ccccvhhhj"]
[Black "InitiatingASC"]
[Result "0-1"]
[WhiteElo "2446"]
[BlackElo "2354"]
[TimeControl "180+1"]
[EndTime "10:00:27 PDT"]
[Termination "InitiatingASC won by resignation"]

1. e4 c5 2. Nf3 Nc6 3. d4 cxd4 4.
Nxd4 Nf6 5. Nc3 e5 6. Ndb5 h6 7.
Nd6+ Bxd6 8. Qxd6 Qe7 9. Qd1 O-O 10. Be2 Rd8 11. O-O d6 12. Be3 Be6 13. Bf3 Rac8 14. a3 b6 15. Nd5 Bxd5 16. exd5 Na5 17. b3 e4 18. Be2 Qe5 19. c4 Qb2 20. Rb1 Qxa3 21.
Bd4 Nd7 22. f3 Nc5 23. fxe4 Naxb3 24. Rf3 Qa2 25. Rg3 Nxd4 26. Ra1 Nxe2+ 27. Kh1 Nxg3+ 28.
hxg3 Qb3 29. Qg4 a5 30. Qf5 Qxc4 31. Rf1 Rc7 32. g4 Qxe4 33. Qf2 Qxg4 34. Re1 Nd3 0-1

[Event "Early-Titled-Tuesday-Blitz-March-12-2024"]
[Site "Chess.com"]
[Date "2024.03.12"]
[Round "11"]
[White "TregubovP"]
[Black "LileKoridze"]
[Result "1-0"]
[WhiteElo "2685"]
[BlackElo "2466"]
[TimeControl "180+1"]
[EndTime "10:00:55 PDT"]
[Termination "TregubovP won by resignation"]

1. e4 c5 2. Nf3 d6 3. d4 cxd4 4.
Qxd4 a6 5. Nc3 Nc6 6. Qd3 Nf6 7. Be2 g6 8. O-O Bg7 9. Nd5 O-O 10. c3 b5 11. Bg5 Nxd5 12. exd5 Ne5 13. Nxe5 Bxe5 14. Rfe1 Bb7 15. f4 Bg7 16. Bf3 Re8 17. Re2 Qb6+ 18.
Kh1 e6 19. dxe6 fxe6 20. Bxb7 Qxb7 21. Qxd6 h6 22. Bh4 Qf7 23. Rae1 Bf8 24. Qc6 Qxf4 25.
Bg3 Qf7 26. Rxe6 Red8 27. Rxg6+ Bg7 28. h3 Kh7 29. Rge6 Qf5 30. Re7 Qg5 31. Qe4+ Kg8 32.
Bh4 Qc5 33. Qg6 1-0

[Event "Early-Titled-Tuesday-Blitz-March-12-2024"]
[Site "Chess.com"]
[Date "2024.03.12"]
[Round "11"]
[White "Zhigalko_Sergei"]
[Black "BilicVladimir"]
[Result "1-0"]
[WhiteElo "2843"]
[BlackElo "2677"]
[TimeControl "180+1"]
[EndTime "10:00:59 PDT"]
[Termination "Zhigalko_Sergei won on time"]

1. e4 e6 2. d4 d5 3. e5 c5 4. c3 Nc6 5. Nf3 Qb6 6. Bd3 Bd7 7. dxc5 Bxc5 8. O-O Qc7 9. Re1 a6 10. Bf4 Nge7 11. Nbd2 b5 12. h4 h6 13. h5 Qa7 14.
Qe2 Bb6 15. Rad1 1-0

[Event "Early-Titled-Tuesday-Blitz-March-12-2024"]
[Site "Chess.com"]
[Date "2024.03.12"]
[Round "11"]
[White "Msb2"]
[Black "mitrabhaa"]
[Result "1-0"]
[WhiteElo "3020"]
[BlackElo "2951"]
[TimeControl "180+1"]
[EndTime "10:01:00 PDT"]
[Termination "Msb2 won by resignation"]

1. d4 Nf6 2. c4 e6 3. Nc3 Bb4 4. e3 O-O 5. Bd2 b6 6. Nf3 Bb7 7. Bd3 c5 8. a3 Bxc3 9. Bxc3 cxd4 10. Nxd4 d6 11. O-O Nbd7 12. b3 Nc5 13. Be2 d5 14. b4 Nce4 15. Bb2 Rc8 16. cxd5 Qxd5 17. f3 Nc3 18. Bxc3 Rxc3 19. Qd2 Rfc8 20. Rfc1 Rxc1+ 21. Rxc1 Rxc1+ 22. Qxc1 e5 23. Nf5 Qd7 24. e4 g6 25.
Qg5 Nh5 26. Ne7+ Kf8 27. Nf5 f6 28. Qh6+ Kg8 29. Bc4+ 1-0

[Event "Early-Titled-Tuesday-Blitz-March-12-2024"]
[Site "Chess.com"]
[Date "2024.03.12"]
[Round "11"]
[White "Ze-Pequeno"]
[Black "northridgehawk"]
[Result "1-0"]
[WhiteElo "2198"]
[BlackElo "2328"]
[TimeControl "180+1"]
[EndTime "10:01:04 PDT"]
[Termination "Ze-Pequeno won by checkmate"]

1. e4 e5 2. Nf3 Nc6 3. Nc3 Nf6 4. Bb5 Bd6 5. O-O O-O 6. Re1 Ne7 7. h3 Ng6 8. Bf1 Re8 9. g3 Bc5 10. a3 d6 11. Na4 Be6 12. d3 Qd7 13. Nxc5 dxc5 14. Kh2 Rad8 15. Qe2 b6 16. Ng5 a5 17. Be3 Qb5 18.
Nxe6 Rxe6 19. b3 Red6 20. a4 Qd7 21. Bg2 Nf8 22. f4 Re6 23. Qf3 exf4 24. gxf4 Ne8 25. f5 Re7 26. Rg1 f6 27. Qg3 Kh8 28. Bf3 Nd6 29. Bf4 Nf7 30. Rg2 Rc8 31. Qxg7# 1-0

[Event "Early-Titled-Tuesday-Blitz-March-12-2024"]
[Site "Chess.com"]
[Date "2024.03.12"]
[Round "11"]
[White "matagordo"]
[Black "ChelsieMonica"]
[Result "0-1"]
[WhiteElo "2287"]
[BlackElo "2530"]
[TimeControl "180+1"]
[EndTime "10:01:08 PDT"]
[Termination "ChelsieMonica won by resignation"]

1. d4 b6 2. Bf4 Bb7 3. e3 g6 4. h4 h6 5. Nf3 Bg7 6. Nc3 d6 7. Qd2 Nd7 8. O-O-O a6 9. Kb1 b5 10.
e4 b4 11. Nd5 Bxd5 12. exd5 Ngf6 13. Bc4 Nb6 14. Qe2 Nbxd5 15. Rhe1 Nxf4 16. Qe4 Nxe4 17. Rxe4 d5 18. Rxf4 dxc4 19. Re1 O-O 20. g4 Qd6 21.
Rfe4 e6 22. h5 g5 23. Ng1 Bxd4 24. Nh3 Bg7 25. f4 Rad8 26. a3 b3 27. cxb3 cxb3 28.
Nf2 gxf4 29. g5 hxg5 30. h6 Bxb2 31. h7+ Kh8 32. Kxb2 Qd2+ 33. Kxb3 Rb8+ 0-1

[Event "Early-Titled-Tuesday-Blitz-March-12-2024"]
[Site "Chess.com"]
[Date "2024.03.12"]
[Round "11"]
[White "MightyMike_009"]
[Black "Matibar"]
[Result "0-1"]
[WhiteElo "2852"]
[BlackElo "2768"]
[TimeControl "180+1"]
[EndTime "10:01:18 PDT"]
[Termination "Matibar won by resignation"]

1. d4 Nf6 2. c4 g6 3. Nc3 Bg7 4. e4 d6 5. f3 Na6 6. Be3 c6 7. Qd2 O-O 8. h4 e5 9. d5 h5 10. Nh3 Nc5 11. Nf2 a5 12. Bh6 a4 13. Bg5 Qa5 14. g4 a3 15. b3 hxg4 16. Bxf6 Bxf6 17.
fxg4 Be7 18. Rb1 Qb4 19. g5 Kg7 20. h5 Bxg5 21. Qxg5 Qxc3+ 22. Kd1 Qf3+ 23. Ke1 Qxf2+ 24. Kxf2 Nxe4+ 0-1

[Event "Early-Titled-Tuesday-Blitz-March-12-2024"]
[Site "Chess.com"]
[Date "2024.03.12"]
[Round "11"]
[White "FaustinoOro"]
[Black "ChessQueen"]
[Result "1-0"]
[WhiteElo "2893"]
[BlackElo "2755"]
[TimeControl "180+1"]
[EndTime "10:01:29 PDT"]
[Termination "FaustinoOro won by resignation"]

1. Nf3 f6 2. e4 g6 3. d4 Bg7 4. Bc4 e6 5. O-O Ne7 6. Bb3 O-O 7. Re1 f5 8. c4 h6 9. Nc3 g5 10. h3 Nbc6 11. exf5 Nxf5 12. d5 Ncd4 13. Nxd4 Nxd4 14. dxe6 dxe6 15. Be3 Nxb3 16. Qxb3 b6 17. Rad1 Qe8 18.
Bd4 Bb7 19. Bxg7 Kxg7 20. Nb5 Qc6 21. Qg3 Rf4 22. Nd4 Rxd4 23. Rxd4 Re8 24. Qe5+ Kh7 25.
f3 Re7 26. Qf6 Qe8 27. Rd3 Bc8 28. Red1 Rf7 29. Rd8 Rxf6 30. Rxe8 1-0

[Event "Early-Titled-Tuesday-Blitz-March-12-2024"]
[Site "Chess.com"]
[Date "2024.03.12"]
[Round "11"]
[White "RebelJohnny"]
[Black "CarlosjPineror"]
[Result "1-0"]
[WhiteElo "2545"]
[BlackElo "2610"]
[TimeControl "180+1"]
[EndTime "10:01:47 PDT"]
[Termination "RebelJohnny won by checkmate"]

1. e4 c5 2. Nf3 e6 3. d4 cxd4 4. Nxd4 a6 5. Bd3 Qc7 6. Qe2 d6 7. O-O Nf6 8. f4 Nbd7 9. c4 b6 10. b3 Bb7 11. Nc3 Be7 12. Bb2 Rc8 13. Rae1 g6 14. Kh1 h5 15. Nf3 h4 16. Ng5 Nc5 17.
Bb1 Nh5 18. Nd5 exd5 19. Bxh8 Nxf4 20. Rxf4 Bxg5 21. exd5+ Kf8 22. Rff1 Kg8 23. Ba1 Rf8 24. Bxg6 fxg6 25. Rxf8+ Kxf8 26. Qe8# 1-0

[Event "Early-Titled-Tuesday-Blitz-March-12-2024"]
[Site "Chess.com"]
[Date "2024.03.12"]
[Round "11"]
[White "Smoking_Crow"]
[Black "Witik"]
[Result "1-0"]
[WhiteElo "2589"]
[BlackElo "2724"]
[TimeControl "180+1"]
[EndTime "10:01:54 PDT"]
[Termination "Smoking_Crow won by checkmate"]

1. e4 c6 2. d4 d5 3. Nc3 dxe4 4. Nxe4 Nf6 5. Nxf6+ exf6 6. c3 Bd6 7. Bd3 O-O 8.
Qc2 Re8+ 9. Ne2 h6 10. O-O Nd7 11. Ng3 Nb6 12. Bd2 Nd5 13. Rad1 Bg4 14. Rde1 Qc7 15. h3 Bxh3 16. Ne4 Be6 17. c4 Nb4 18. Bxb4 Bxb4 19. Re3 Rad8 20. c5 Rxd4 21. a3 Ba5 22. b4 Bxb4 23. axb4 Rxb4 24. Nd6 Rd8 25. Rfe1 Rxd6 26.
cxd6 Qxd6 27. Bf5 Rc4 28. Rxe6 Qxe6 29. Rxe6 Rxc2 30. Re8# 1-0

[Event "Early-Titled-Tuesday-Blitz-March-12-2024"]
[Site "Chess.com"]
[Date "2024.03.12"]
[Round "11"]
[White "BogdanDeac"]
[Black "Yan_Dyomin2010"]
[Result "1-0"]
[WhiteElo "3036"]
[BlackElo "2742"]
[TimeControl "180+1"]
[EndTime "10:01:59 PDT"]
[Termination "BogdanDeac won by resignation"]

1. e4 c5 2. h3 Nc6 3. Bb5 Nd4 4. Be2 g6 5. c3 Nxe2 6. Qxe2 Bg7 7. Nf3 Nf6 8. O-O O-O 9. Re1 d6 10. d4 cxd4 11.
cxd4 d5 12. e5 Ne4 13. Ng5 Bf5 14. Nxe4 dxe4 15. Rd1 Qb6 16. Nc3 Rfd8 17. Be3 Qa5 18. Qb5 Qc7 19. Rac1 a6 20. Qb3 Qd7 21. Kh2 h5 22.
Na4 Be6 23. Qa3 Qe8 24. Nb6 Rab8 25. Qa5 Kh7 26. Rc5 f6 27. b3 fxe5 28. d5 Bf5 29. Rc7 Kg8 30. a4 Bf6 31. Nc4 Rbc8 32. Rxb7 Rd7 33.
Rxd7 Bxd7 34. d6 Be6 35. d7 Bxd7 36. Qd5+ 1-0

[Event "Early-Titled-Tuesday-Blitz-March-12-2024"]
[Site "Chess.com"]
[Date "2024.03.12"]
[Round "11"]
[White "dropstoneDP"]
[Black "Sychev_on_YouTube"]
[Result "1/2-1/2"]
[WhiteElo "2999"]
[BlackElo "2930"]
[TimeControl "180+1"]
[EndTime "10:02:00 PDT"]
[Termination "Game drawn by repetition"]

1. e4 e6 2. d4 d5 3. exd5 exd5 4. h3 Nc6 5. Nc3 Nf6 6. Nf3 Bd6 7. Bd3 Nb4 8. O-O Nxd3 9. Qxd3 h6 10. Nb5 O-O 11.
Nxd6 Qxd6 12. Ne5 Ne4 13. Bf4 Bf5 14. Qb3 g5 15. Be3 f6 16. Nd3 b6 17. Rad1 Rae8 18.
Rfe1 h5 19. f3 Ng3 20. Bf2 Kg7 21. Qb4 Ne2+ 22. Kh1 Ng3+ 23. Kg1 Ne2+ 24. Kh1 Ng3+ 25. Kg1 1/2-1/2

[Event "Early-Titled-Tuesday-Blitz-March-12-2024"]
[Site "Chess.com"]
[Date "2024.03.12"]
[Round "11"]
[White "AccioChess"]
[Black "szachuspl"]
[Result "0-1"]
[WhiteElo "2432"]
[BlackElo "2535"]
[TimeControl "180+1"]
[EndTime "10:02:04 PDT"]
[Termination "szachuspl won on time"]

1. b3 Nf6 2. Bb2 g6 3. e4 Bg7 4. e5 Nd5 5. c4 Nb6 6. d4 d6 7. f4 dxe5 8. fxe5 O-O 9. Nf3 c5 10.
d5 Bg4 11. h3 Bxf3 12. Qxf3 N8d7 13. Qe2 Qc7 14. Nc3 Qxe5 15. Qxe5 Nxe5 16. Be2 Nc8 17. O-O-O Nd6 18. g4 a6 19. Na4 Rac8 20. Nb6 Rc7 21. h4 Ne4 22. Rh2 Ng3 23. g5 Rd8 24. a4 Nxe2+ 25. Rxe2 Nf3 26. Bxg7 Kxg7 27. Rh1 a5 28. d6 Rxd6 29. Nd5 Rxd5 30. cxd5 Nd4 31. Re3 Rd7 32.
Kb2 Kf8 33. h5 Rxd5 34. hxg6 hxg6 35. Rh8+ Kg7 36. Reh3 Rxg5 37. R3h7+ Kf6 38. Rf8 Rg2+ 39. Kb1 Nf5 40. Rhxf7+ Ke6 41. Rh7 g5 42. Rg8 g4 43. Rh1 g3 44. Re1+ Kf7 45. Rb8 Rf2 46. Rd8 g2 47. Rdd1 Ng3 0-1

[Event "Early-Titled-Tuesday-Blitz-March-12-2024"]
[Site "Chess.com"]
[Date "2024.03.12"]
[Round "11"]
[White "KSho99"]
[Black "Alenzer"]
[Result "1/2-1/2"]
[WhiteElo "2139"]
[BlackElo "2157"]
[TimeControl "180+1"]
[EndTime "10:02:04 PDT"]
[Termination "Game drawn by repetition"]

1. Nf3 d5 2. d4 Nf6 3. e3 e6 4. Bd3 c5 5. b3 Nc6 6. O-O Bd6 7. Bb2 O-O 8. Nbd2 Nb4 9. Be2 cxd4 10. exd4 Bd7 11. Ne5 Rc8 12. c3 Nc6 13. f4 Ne4 14.
Nxe4 dxe4 15. Qe1 f5 16. Rd1 Ne7 17. Nxd7 Qxd7 18. c4 Ng6 19. g3 b6 20. Kh1 a5 21.
Qf2 a4 22. Qe3 a3 23. Bc3 Qe7 24. Rc1 Bb4 25. Rfd1 Rfd8 26. Ba1 Qb7 27. Bf1 Be7 28. Bg2 Bf6 29. Qe1 Be7 30. Qe3 Bf6 31. Qe1 Be7 32.
Qe3 1/2-1/2

[Event "Early-Titled-Tuesday-Blitz-March-12-2024"]
[Site "Chess.com"]
[Date "2024.03.12"]
[Round "11"]
[White "Switzerlamb"]
[Black "Jimonios"]
[Result "1-0"]
[WhiteElo "2575"]
[BlackElo "2664"]
[TimeControl "180+1"]
[EndTime "10:02:09 PDT"]
[Termination "Switzerlamb won by resignation"]

1. Nf3 c5 2. c4 Nc6 3. Nc3 g6 4. g3 Bg7 5. Bg2 e5 6. O-O Nge7 7. d3 O-O 8. Rb1 d6 9. a3 a5 10. Ne1 f5 11. Nc2 f4 12. b4 axb4 13. axb4 Bg4 14. bxc5 dxc5 15. Rxb7 Nd4 16. Nxd4 cxd4 17. Nd5 Nxd5 18.
Bxd5+ Kh8 19. Bd2 Ra6 20. Bb4 Re8 21. Qd2 Rf6 22. Ra1 fxg3 23. hxg3 Qc8 24. Raa7 Qf5 25. Qe1 Bh3 26. Rxg7 Qxd3 1-0

[Event "Early-Titled-Tuesday-Blitz-March-12-2024"]
[Site "Chess.com"]
[Date "2024.03.12"]
[Round "11"]
[White "el008"]
[Black "RandomNoob04"]
[Result "1-0"]
[WhiteElo "2536"]
[BlackElo "2609"]
[TimeControl "180+1"]
[EndTime "10:02:09 PDT"]
[Termination "el008 won by checkmate"]

1. Nf3 d5 2. b3 Bg4 3. e3 e5 4. h3 Bxf3 5. Qxf3 c6 6. Bb2 Bd6 7. c4 Ne7 8. Nc3 dxc4 9. Bxc4 O-O 10. O-O Nd7 11. Rad1 Nf6 12. d4 e4 13. Nxe4 Nxe4 14.
Qxe4 Ng6 15. g3 Kh8 16. Qg4 f5 17. Qf3 Qg5 18. Qg2 Rae8 19. d5 c5 20. h4 Qg4 21.
Rfe1 Ne5 22. Be2 Qg6 23. Rc1 Ng4 24. Bxg4 fxg4 25. e4 Rf3 26. e5 Bc7 27. e6 Qf5 28.
Rcd1 Ba5 29. Re2 h6 30. e7 Rd3 31. Rxd3 Qxd3 32. Qe4 Qa6 33. Qxg4 Qd6 34. Qxg7# 1-0

[Event "Early-Titled-Tuesday-Blitz-March-12-2024"]
[Site "Chess.com"]
[Date "2024.03.12"]
[Round "11"]
[White "Lady_Nika"]
[Black "david_gomez"]
[Result "1-0"]
[WhiteElo "2557"]
[BlackElo "2614"]
[TimeControl "180+1"]
[EndTime "10:02:16 PDT"]
[Termination "Lady_Nika won by resignation"]

1. d4 Nf6 2. e3 c5 3. f4 cxd4 4.
exd4 d5 5. Nf3 Bf5 6. c3 e6 7. Bd3 Bxd3 8. Qxd3 Be7 9. O-O Ne4 10. Nbd2 f5 11. Ne5 Nd7 12. Nxe4 dxe4 13. Qb5 Qc7 14. Be3 a6 15. Qb3 Nxe5 16. fxe5 Qd7 17. Rad1 O-O 18. c4 b5 19. d5 bxc4 20. Qxc4 Rfc8 21. dxe6 Qxd1 22.
Qxc8+ Rxc8 23. Rxd1 Rc2 24. Rd7 Kf8 25. Rb7 g5 26.
Rb8+ Kg7 27. Rb7 Kf8 28. g3 Re2 29. Rb8+ Kg7 30. Re8 Bb4 31. Bxg5 e3 32. Bf6+ Kh6 33. Rb8 Re1+ 34. Kg2 e2 35. Kf2 Rb1 36. Kxe2 Rxb2+ 37. Kd3 Rd2+ 38. Ke3 Rb2 39. Kf3 Be1 40. Rxb2 1-0